 Dungeon Crawl Stone Soup version 0.29-a0-96-g93358da72b (webtiles) character file.

Game seed: 12565237919917469316

11 circuitbored the Chiller (level 2, 0/20 HPs)
             Began as a Ghoul Ice Elementalist on Feb 10, 2022.
             Slain by a kobold (2 damage)
             ... on level 2 of the Dungeon.
             The game lasted 00:07:28 (159 turns).

circuitbored the Chiller (Ghoul Ice Elementalist)    Turns: 159, Time: 00:07:29

Health: 0/20       AC:  2    Str: 11    XL:     2   Next: 29%
Magic:  3/3        EV: 12    Int: 10    God:
Gold:   9          SH:  0    Dex:  9    Spells: 1/4 levels left

rFire   . . .      SeeInvis .   b - +0 dagger
rCold   + . .      Faith    .   (no shield)
rNeg    + + +      Spirit   .   a - +0 robe
rPois   ∞          Reflect  .   (no helmet)
rElec   .          Harm     .   (no cloak)
rCorr   .          Rampage  .   (no gloves)
Will    .....                   (no boots)
Stlth   ++........              (no amulet)
HPRegen 0.00/turn               (no ring)
MPRegen 0.08/turn               (no ring)

@: inhibited regen
A: claws 1, cold resistance 1, negative energy resistance 3, inhibited
regeneration, torment resistance 2
a: no special abilities


You were on level 2 of the Dungeon.
You visited 1 branch of the dungeon, and saw 2 of its levels.

You collected 9 gold pieces.

Inventory:

Hand Weapons
 b - a +0 dagger (weapon)
Missiles
 c - 17 arrows
Armour
 a - a +0 robe (worn)


   Skills:
 + Level 1.7 Dodging
 + Level 2.2 Stealth
 + Level 1.8 Spellcasting
 + Level 4.9 Ice Magic


You had one spell level left.
You knew the following spells:

 Your Spells              Type           Power      Damage    Failure   Level
a - Freeze                Ice            40%        1d6       4%          1
b - Passwall              Tmut/Erth      0%         N/A       43%         2

Your spell library contained the following spells:

 Spells                   Type           Power      Damage    Failure   Level
 Frozen Ramparts          Ice            20%        1d4       12%         3
 Ozocubu's Armour         Ice            10%        N/A       12%         3
 Ensorcelled Hibernation  Hex/Ice        10%        N/A       17%         2
 Swiftness                Air            0%         N/A       67%         3
 Hailstorm                Conj/Ice       5%         3d4       75%         4


Dungeon Overview and Level Annotations

Branches:
Dungeon (2/15)

Altars:

Shops:
D:2 *


Innate Abilities, Weirdness & Mutations

You thrive by killing the living.
You are immune to poison.
You have sharp fingernails.
Your flesh is cold resistant. (rC+)
You are immune to negative energy. (rN+++)
You do not regenerate when monsters are visible.
You are immune to unholy pain and torment.


Message History

You closely miss the kobold.
The kobold is severely wounded.
The kobold hits you with a +0 whip.
* * * LOW HITPOINT WARNING * * *
A hound zombie comes into view.
The kobold throws a stone.
The stone barely misses you.
The kobold throws a stone.
The stone misses you. The hound zombie completely misses you.
Aiming: Freeze (safe; 4% risk of failure)
Press: ? - help, Q - select action Shift-Dir - straight line, f - kobold
Aim: a kobold, wielding a +0 whip and quivering stones (severely wounded) Out of range.
Okay, then.
The kobold throws a stone.
The stone hits you.
* * * LOW HITPOINT WARNING * * *
Aiming: Freeze (safe; 4% risk of failure)
Press: ? - help, Q - select action Shift-Dir - straight line, f - hound zombie
Aim: a hound zombie You freeze the hound zombie but do no damage.
The hound zombie completely resists.
You open the door. The hobgoblin closely misses you.
There is an open door here.
You barely miss the kobold.
The kobold is severely wounded.
The kobold hits you with a +0 whip.
* * * LOW HITPOINT WARNING * * *
You barely miss the kobold.
The kobold is severely wounded.
The kobold closely misses you.
The kobold throws a stone.
The stone barely misses you.
The kobold throws a stone.
The stone closely misses you.
You see here a +0 dagger.
There is an open door here.
You see here a ball python corpse.
Welcome back, circuitbored the Ghoul Ice Elementalist.
Press ? for a list of commands and other information.
There is an open door here.
You see here a ball python corpse.
The kobold hits you with a +0 whip.
You die...

#...........#.......##
#....................#
#####.......##.....#.#
#.<.....#..>.#.#.#
#.......#.#..#.# #
#.......#'#..#.#
#......≈#.#..#.#
#.....###.####.#
#....@Kg.Z..'..#
#.....###.###..#
#.......#.#≈##.#
#......##+#....#
#......# #.####
######## ...# ###..
###


You could see a hound zombie, a hobgoblin and a kobold.

Vanquished Creatures
  A ball python (D:2)
  An endoplasm (D:2)
  A giant cockroach (D:2)
  2 goblins (D:2)
  3 hobgoblins (D:2)
  A ball python zombie (D:2)
9 creatures vanquished.

Vanquished Creatures (others)
  A withered plant (D:2)
1 creature vanquished.

Grand Total: 10 creatures vanquished

Notes
Turn   | Place    | Note
-------+----------+-------------------------------------------
     0 | D:1      | circuitbored the Ghoul Ice Elementalist began the quest for
                  | the Orb.
     0 | D:1      | Reached XP level 1. HP: 14/14 MP: 2/2
     0 | D:1      | Noticed an orb of fire
     3 | D:1      | Noticed an ice dragon
     5 | D:1      | Noticed an iron dragon
     5 | D:1      | Noticed a tentacled monstrosity
     7 | D:1      | Noticed a large abomination
     9 | D:1      | Noticed a shadow dragon
    10 | D:1      | Noticed a shadow dragon
    12 | D:1      | Noticed a large abomination
    14 | D:1      | Noticed an orb of fire
    14 | D:1      | Noticed a green draconian
    16 | D:1      | Noticed an iron dragon
    18 | D:1      | Noticed a large abomination
    18 | D:1      | Noticed a shadow dragon
    18 | D:1      | Noticed a shadow dragon
    20 | D:1      | Noticed a shadow dragon
    22 | D:1      | Noticed a shadow dragon
    36 | D:2      | Found Neumuiq's Assorted Antiques.
    89 | D:2      | Reached XP level 2. HP: 15/20 MP: 3/3
    92 | D:2      | Learned a level 2 spell: Passwall
   159 | D:2      | Slain by a kobold

Illustrated notes

Levels and vault maps discovered:
D:1:      shiori_arrival_whats_in_store_for_you, layout_loops_ring
D:2:      layout_basic, serial_undead, serial_undead_f, serial_undead_b,
          serial_undead_d, serial_undead_b, serial_shops,
          nicolae_shop_hallway_plus, dreamdust_ecumenical_altar_statues

Action                   || total
-------------------------++-------
Melee: Dagger            ||    31
       Unarmed           ||     3
 Cast: Freeze            ||     1
       Passwall          ||     1
  Use: Potion            ||     1
Armor: Robe              ||     3
Dodge: Dodged            ||    26

Table legend: (Time is in decaauts)
 A = Elapsed time spent in this place.
 B = Non-inter-level travel time spent in this place.
 C = Inter-level travel time spent in this place.
 D = Time resting spent in this place.
 E = Time spent auto-exploring this place.
 F = Levels seen in this place.
 G = Mean time per level.
                   A        B        C        D        E       F      G
               +--------+--------+--------+--------+--------+-----+--------+
         Total |    158 |    127 |     31 |      0 |      0 |   2 |   79.0 |
       Dungeon |    158 |    127 |     31 |      0 |      0 |   2 |   79.0 |
               +--------+--------+--------+--------+--------+-----+--------+

Top non-repeatable levels by time:
     D:2: 125 daAuts
     D:1: 33 daAuts
